 Dungeon Crawl Stone Soup version 0.21-a0-460-g737a915 (webtiles) character file.

114 theanonym the Chopper (level 4, -3/23 HPs)
             Began as a Vine Stalker Fighter on Nov 20, 2017.
             Slain by Grinder (6 damage)
             ... on level 3 of the Dungeon.
             The game lasted 00:01:46 (1256 turns).

theanonym the Chopper (Vine Stalker Fighter)        Turns: 1256, Time: 00:01:47

Health: -3/23      AC:  6    Str: 24    XL:     4   Next: 97%
Magic:  0/5        EV:  7    Int:  8    God:
Gold:   105        SH:  9    Dex: 14    Spells: 3/3 levels left

rFire    . . .     SeeInvis .   a - +0 war axe
rCold    . . .     Gourm    .   c - +0 shield
rNeg     . . .     Faith    .   b - +0 scale mail
rPois    .         Spirit   +   (no helmet)
rElec    .         Reflect  .   (no cloak)
rCorr    .         Harm     .   (no gloves)
MR       .....                  (no boots)
Stlth    ..........             (no amulet)
HPRegen  0.47/turn              (no ring)
MPRegen  0.09/turn              (no ring)

@: mighty
A: fangs 2, regeneration 1, magic shield, antimagic bite, no potion heal 3, rot
immunity
a: no special abilities


Innate Abilities, Weirdness & Mutations

You have extremely sharp teeth.
Your natural rate of healing is unusually fast.
When hurt, damage is shared between your health and your magic reserves.
Your bite disrupts and absorbs the magic of your enemies.
Potions cannot restore your health.
You are immune to rotting.


   Skills:
 - Level 2.6 Fighting
 + Level 4.5 Axes
 - Level 2.4 Armour
 - Level 2.6 Shields


You had 3 spell levels left.
You didn't know any spells.

Skill      XL: |  1  2  3  4 |
---------------+-------------+-----
Axes           | 2 3 4 |  4.5
Fighting       | |  2.6
Armour         | |  2.4
Shields        | |  2.6

Action                   |  1- 3 |  4- 6 || total
-------------------------+-------+-------++-------
Melee: War axe           |    71 |    64 ||   135
       Bite              |    20 |    15 ||    35
  Use: Potion            |       |     1 ||     1
  Eat: Chunk             |       |     1 ||     1
Armor: Scale mail        |    30 |    33 ||    63
Dodge: Dodged            |    17 |    20 ||    37
Block: Shield            |    37 |    42 ||    79

Inventory:

Hand Weapons
 a - a +0 war axe (weapon)
Armour
 b - a +0 scale mail (worn)
 c - a +0 shield (worn)
Jewellery
 h - an uncursed amulet of rage {unknown}
   (You found it on level 1 of the Dungeon)
Scrolls
 e - a scroll of enchant weapon {unknown}
 i - a scroll of magic mapping {unknown}
 j - 2 scrolls of remove curse {unknown}
 m - 3 scrolls of teleportation {unknown}
 n - 4 scrolls of identify {unknown}
Potions
 l - 2 potions of brilliance {unknown}
 o - a potion of curing {unknown}
Comestibles
 f - 4 bread rations
 g - 2 chunks of flesh
 k - 11 fruits

Dungeon Overview and Level Annotations

Branches:
Dungeon (3/15)

Altars:

Annotations:
D:3 Grinder


You were on level 3 of the Dungeon.
You were not hungry.

You visited 1 branch of the dungeon, and saw 3 of its levels.

You collected 105 gold pieces.


Message History

You barely miss the bat. The bat hits you.
You take 1 damage, and have 22/23 hp.
You block the bat's attack.
Health restored: 23 You slash the bat!
You kill the bat!
No target in view!
No target in view!
You butcher the bat corpse.
g - 5 chunks of flesh (gained 1)
A bat comes into view.
A bat is nearby!
A bat is nearby!
A bat is nearby!
The bat barely misses you. x2
You hit the bat. You block the bat's attack.
No target in view!
No target in view!
A bat is nearby!
A bat is nearby!
A bat is nearby!
You closely miss the bat. You bite the bat, but do no damage.
The bat closely misses you.
No target in view!
No target in view!
No target in view!
No target in view!
A rat comes into view.
You block the bat's attack. x2
Found a falchion.
There are monsters nearby!
There are monsters nearby!
The bat barely misses you. The bat hits you.
Found a stone staircase leading down.
You now have 4/5 mp.
You closely miss the bat. Your bite misses the bat.
The bat hits you but does no damage.
You hit the rat.
You kill the rat!
Your scale mail prevents you from hitting the bat.
You block the bat's attack. x2
You hit the bat. The bat hits you but does no damage.
You closely miss the bat. Your bite misses the bat. You block the bat's attack.
You hit the bat but do no damage. Your bite misses the bat.
The bat hits you but does no damage. You block the bat's attack.
Found a ring mail.
You miss the bat. Your bite misses the bat. You block the bat's attack.
You block the bat's attack.
A bat is nearby!
The bat hits you but does no damage.
MP restored: 5 You slash the bat!
You kill the bat!
No target in view!
No target in view!
Some of the chunks of flesh in your inventory have rotted away.
You butcher the rat corpse.
g - 2 chunks of flesh (gained 1)
You see here a rat skeleton. x2
You see here a falchion.
You open the door.
Grinder comes into view.
Grinder shouts!
There is an open door here.
Grinder is nearby!
Grinder is nearby!
A giant cockroach comes into view.
Grinder gestures at you. Pain shoots through your body!
You take 6 damage, and have 17/23 hp.
MASSIVE DAMAGE!!
You now have 4/5 mp.
Your shield and scale mail prevent you from hitting Grinder.
You bite Grinder, but do no damage. Grinder hits you.
You writhe in agony.
Grinder hits you.
You writhe in agony.
* * * LOW MAGIC WARNING * * *;
* * * LOW HITPOINT WARNING * * *
You take 7 damage, and have 10/23 hp.
MASSIVE DAMAGE!!
You now have 1/5 mp.
You are too injured to fight recklessly!
You are too injured to fight recklessly!
You are too injured to fight recklessly!
You are too injured to fight recklessly!
You hit Grinder but do no damage. You block Grinder's attack.
You hit Grinder. Your bite misses Grinder. You block Grinder's attack.
You feel very mighty all of a sudden. Grinder barely misses you.
You block the giant cockroach's attack.
You hit Grinder. Your bite misses Grinder. You hit the giant cockroach.
You block the giant cockroach's attack. Grinder hits you but does no damage.
The giant cockroach bites you but does no damage.
Grinder gestures at you. Pain shoots through your body!
* * * LOW HITPOINT WARNING * * *
You take 6 damage, and have 5/23 hp.
MASSIVE DAMAGE!!
You slash Grinder! You hit the giant cockroach.
You kill the giant cockroach!
Grinder grins, showing sharp teeth.
Grinder gestures at you. Pain shoots through your body!
* * * LOW MAGIC WARNING * * *;
* * * LOW HITPOINT WARNING * * *
You take 3 damage, and have 2/23 hp.
You now have 0/5 mp.
You completely miss Grinder. Your bite misses Grinder.
You block Grinder's attack. Grinder hits you.
You die...

#.#......# #
........#.#.#.#..#
........#.###.#.>#
........#....[#.##
........####....#
........# #.####
........# #.#
......†5# #.#
.......@####.#
........'....#
........######
#########


You could see Grinder.

Notes
Turn   | Place    | Note
-------+----------+-------------------------------------------
     0 | D:1      | theanonym the Vine Stalker Fighter began the quest for the Orb.
     0 | D:1      | Reached XP level 1. HP: 11/11 MP: 2/2
    15 | D:1      | Reached skill level 2 in Axes
    82 | D:1      | ololoev: как ты там вообще умер?
   106 | D:1      | Reached XP level 2. HP: 15/16 MP: 3/3
   109 | D:1      | ololoev: телепортификация же была
   559 | D:1      | Reached skill level 3 in Axes
   561 | D:1      | Reached XP level 3. HP: 19/19 MP: 4/4
   706 | D:2      | Noticed Terence
   717 | D:2      | HP: 9/19 [Terence/short sword (3)]
   719 | D:2      | Killed Terence
   719 | D:2      | Gained mutation: Your natural rate of healing is unusually fast. [Vine Stalker growth]
   719 | D:2      | Reached XP level 4. HP: 11/23 MP: 5/5
   811 | D:2      | Reached skill level 4 in Axes
  1248 | D:3      | Noticed Grinder
  1250 | D:3      | HP: 10/23 [Grinder (2)]
  1255 | D:3      | HP: 2/23 [Grinder/nerve-wracking pain (4)]
  1256 | D:3      | Slain by Grinder

Vanquished Creatures
  Terence (D:2)
  5 adders (D:2)
  An ooze (D:1)
  A dart slug (D:1)
  3 giant cockroaches
  8 hobgoblins
  5 kobolds
  A quokka (D:2)
  6 bats
  6 frilled lizards
  3 goblins
  6 rats
46 creatures vanquished.
